 Dungeon Crawl Stone Soup version 0.29.1-15-g9cfb28693d (webtiles) character file.

Game seed: 5213863760059049674

6011 BuddhaDhamma the Executioner (level 10, -4/77 HPs)
             Began as a Minotaur Berserker on Mar 20, 2023.
             Was a High Priest of Trog.
             Slain by a gargoyle
             ... wielding a +0 mace
              (7 damage)
             ... on level 10 of the Dungeon.
             The game lasted 00:16:35 (9537 turns).

BuddhaDhamma the Executioner (Minotaur Berserker)   Turns: 9537, Time: 00:16:36

Health: -4/77      AC: 18    Str: 26    XL:     10   Next: 56%
Magic:  9/9        EV:  6    Int:  4    God:    Trog [*****.]
Gold:   404        SH:  9    Dex: 10    Spells: 9/9 levels left

rFire   . . .      SeeInvis .   B - +2 hand axe (venom)
rCold   . . .      Faith    +   F - +0 tower shield
rNeg    . . .      Spirit   .   s - +2 scale mail {Will+}
rPois   .          Reflect  .   t - +2 hat
rElec   .          Harm     .   H - +0 cloak
rCorr   .          Rampage  .   o - +2 pair of gloves
Will    +....                   (no boots)
Stlth   ..........              v - amulet of faith
HPRegen 0.22/turn               d - +4 ring of protection
MPRegen 0.11/turn               (no ring)

@: on berserk cooldown, slowed, studying Axes, very slow
A: horns 2, retaliatory headbutt
a: Renounce Religion, Berserk, Trog's Hand, Brothers in Arms


You were on level 10 of the Dungeon.
You worshipped Trog.
Trog was extremely pleased with you.
You visited 1 branch of the dungeon, and saw 10 of its levels.

You collected 494 gold pieces.
You spent 90 gold pieces at shops.

Inventory:

Hand Weapons
 y - a +0 war axe
 B - a +2 hand axe of venom (weapon)
Missiles
 D - 4 throwing nets (quivered)
Armour
 o - a +2 pair of gloves (worn)
 s - a +2 scale mail of willpower (worn)
 t - a +2 hat (worn)
 F - a +0 tower shield (worn)
 H - a +0 cloak (worn)
Jewellery
 d - a +4 ring of protection (left hand)
 n - a ring of resist corrosion
 v - an amulet of faith (around neck)
 w - a ring of magical power
Wands
 k - a wand of iceblast (10)
Scrolls
 b - 3 scrolls of teleportation
 f - a scroll of magic mapping
 j - 3 scrolls of fog
 m - 3 scrolls of enchant weapon
 x - a scroll of identify
 A - a scroll of blinking
 C - a scroll of fear
Potions
 a - a potion of flight
 c - a potion of mutation
 e - 2 potions of haste
 g - 2 potions of degeneration
 h - a potion of might
 i - 2 potions of lignification
 l - 5 potions of curing
 p - 3 potions of brilliance
 q - 4 potions of heal wounds
 r - 2 potions of invisibility
 u - a potion of attraction
 z - 4 potions of cancellation
 E - a potion of ambrosia
 G - a potion of resistance


   Skills:
 - Level 3.6 Fighting
 + Level 21.5 Axes
 - Level 2.4 Armour
 - Level 2.1 Dodging


You had 9 spell levels left.
You didn't know any spells.
Your spell library was empty.

Dungeon Overview and Level Annotations

Branches:
Dungeon (10/15)            Temple (0/1) D:4            Lair (0/5) D:8
    Orc (0/2) D:10

Altars:
Dithmenos
Elyvilon
Kikubaaqudgha
Makhleb
Okawaru
Qazlal
Trog
Xom
The Shining One

Shops:
D:5 ?


Innate Abilities, Weirdness & Mutations

You have a pair of horns on your head.
You reflexively headbutt those who attack you in melee.


Message History

* * * LOW HITPOINT WARNING * * *
The gargoyle hits you with a +0 mace.
* * * LOW HITPOINT WARNING * * *
Things that are here:
a warg corpse; a warg corpse; a warg corpse You feel a strong urge to attack something.
You block the gargoyle's attack.
The gargoyle hurls a stone arrow at you.
The stone arrow hits you!
* * * LOW HITPOINT WARNING * * *
You hit the gargoyle but do no damage.
You headbutt the gargoyle, but do no damage.
The gargoyle is moderately damaged.
You hit the gargoyle. The gargoyle closely misses you.
The gargoyle hits you with a +0 mace.
* * * LOW HITPOINT WARNING * * *
You barely miss the gargoyle.
The gargoyle is moderately damaged.
You barely miss the gargoyle.
The gargoyle hits you but does no damage.
The gargoyle hurls a stone arrow at you.
The stone arrow hits you.
* * * LOW HITPOINT WARNING * * *
You hit the gargoyle.
The gargoyle is heavily damaged.
You barely miss the gargoyle. You barely miss the gargoyle.
The gargoyle is heavily damaged.
You hit the gargoyle but do no damage. The gargoyle hits you with a +0 flail.
* * * LOW HITPOINT WARNING * * *
The gargoyle hurls a stone arrow at you.
You block the stone arrow.
You hit the gargoyle.
The gargoyle is severely damaged.
You hit the gargoyle.
You are no longer berserk.
You are exhausted.
You feel yourself slow down. You block the gargoyle's attack.
The gargoyle hits you with a +0 mace!
You die...

..#
#....+...#
..#
#.#'##...#
..#
#.#......#
..#
#.#......#
...
..#......#
..
..######.#
.... #.#
#.. ...
#†##.....
#@9...>..
#9.......
#......##
#......#
#......#
#......#
#......#
+......#


You could see 2 gargoyles.

Vanquished Creatures
  Harold (D:9)
  A wraith (D:9)
  A steam dragon (D:8)
  6 yaks (D:10)
  3 wargs (D:10)
  Edmund (D:5)
  An acid dragon (D:7)
  Duvessa (D:7)
  A water moccasin (D:6)
  7 orc warriors
  A black bear (D:5)
  3 sky beasts
  3 ogres
  6 bullfrogs
  2 kobold brigands
  2 gnoll sergeants
  3 scorpions
  5 wights (D:9)
  Dowan (D:7)
  2 howler monkeys
  2 hounds (D:4)
  9 orc priests
  3 iguanas
  8 orc wizards
  6 adders
  15 gnolls
  A white imp (D:6)
  An ufetubus (D:6)
  2 worms
  3 dart slugs
  35 orcs
  9 endoplasms
  2 giant cockroaches
  12 goblins
  9 hobgoblins
  15 jackals
  13 kobolds
  4 quokkas
  3 ball pythons
  3 bats
  2 frilled lizards (D:1)
  4 rats
212 creatures vanquished.

Notes
Turn   | Place    | Note
-------+----------+-------------------------------------------
     0 | D:1      | BuddhaDhamma the Minotaur Berserker began the quest for the
                  | Orb.
     0 | D:1      | Reached XP level 1. HP: 19/19 MP: 0/0
   237 | D:1      | Reached skill level 4 in Axes
   483 | D:1      | You fall into a shaft and drop 1 floor!
   533 | D:2      | Noticed a golden eye
   535 | D:2      | Found a faded altar of an unknown god.
   537 | D:2      | Noticed a shining eye
   537 | D:2      | Noticed a golden eye
   537 | D:2      | Noticed a golden eye
   563 | D:2      | Reached XP level 2. HP: 23/26 MP: 1/1
   797 | D:1      | Reached skill level 5 in Axes
   889 | D:1      | Reached XP level 3. HP: 31/31 MP: 2/2
  1647 | D:2      | Reached ** piety under Trog
  1744 | D:2      | Found a shimmering altar of Xom.
  2108 | D:3      | Reached skill level 6 in Axes
  2108 | D:3      | Reached XP level 4. HP: 39/39 MP: 3/3
  2283 | D:3      | Found a white marble altar of Elyvilon.
  2808 | D:4      | Noticed a scorpion
  2814 | D:4      | Killed a scorpion
  2815 | D:4      | Reached skill level 7 in Axes
  2815 | D:4      | Reached XP level 5. HP: 45/45 MP: 4/4
  2984 | D:4      | Noticed an ogre
  2992 | D:4      | Killed an ogre
  2993 | D:4      | Reached skill level 8 in Axes
  3187 | D:4      | Reached XP level 6. HP: 50/51 MP: 5/5
  3213 | D:4      | Reached skill level 9 in Axes
  3420 | D:4      | Found a staircase to the Ecumenical Temple.
  3592 | D:4      | Reached *** piety under Trog
  3597 | D:4      | Reached XP level 7. HP: 52/57 MP: 6/6
  3785 | D:4      | Found a stormy altar of Qazlal.
  4187 | D:5      | Entered Level 5 of the Dungeon
  4187 | D:5      | Found Fithymux's Magic Scroll Shoppe.
  4222 | D:5      | Reached skill level 10 in Axes
  4411 | D:5      | Bought a scroll of enchant weapon for 90 gold pieces
  4424 | D:5      | Noticed Edmund
  4441 | D:5      | Killed Edmund
  4731 | D:5      | Reached skill level 11 in Axes
  5173 | D:6      | Reached XP level 8. HP: 61/64 MP: 7/7
  5311 | D:6      | Reached skill level 12 in Axes
  5473 | D:6      | Found a burning altar of Makhleb.
  5483 | D:6      | Found a glowing golden altar of the Shining One.
  5627 | D:6      | Found a shadowy altar of Dithmenos.
  6090 | D:7      | Reached skill level 13 in Axes
  6155 | D:7      | Noticed Duvessa
  6162 | D:7      | Killed Duvessa
  6164 | D:7      | Noticed Dowan
  6184 | D:7      | Killed Dowan
  6184 | D:7      | Reached **** piety under Trog
  6185 | D:7      | Reached skill level 14 in Axes
  6287 | D:7      | Found a bloodstained altar of Trog.
  6319 | D:7      | Found an iron altar of Okawaru.
  6332 | D:7      | Reached XP level 9. HP: 70/70 MP: 8/8
  6729 | D:7      | Reached skill level 15 in Axes
  7005 | D:7      | Identified a scroll of acquirement
  7005 | D:7      | Acquired a manual of Axes
  7044 | D:8      | Found a staircase to the Lair.
  7072 | D:8      | Reached skill level 16 in Axes
  7233 | D:8      | Reached ***** piety under Trog
  7665 | D:8      | Reached skill level 17 in Axes
  7729 | D:9      | Noticed Harold
  7738 | D:9      | Killed Harold
  7739 | D:9      | Reached skill level 18 in Axes
  7878 | D:9      | Reached XP level 10. HP: 45/77 MP: 9/9
  8138 | D:9      | Reached skill level 19 in Axes
  8416 | D:9      | Found an ancient bone altar of Kikubaaqudgha.
  9209 | D:10     | Entered Level 10 of the Dungeon
  9295 | D:10     | Reached skill level 20 in Axes
  9305 | D:10     | Reached skill level 21 in Axes
  9499 | D:10     | Found a staircase to the Orcish Mines.
  9520 | D:10     | Noticed a gargoyle
  9523 | D:10     | Noticed a gargoyle
  9536 | D:10     | HP: 4/115 [gargoyle/+0 flail (3)]
  9537 | D:10     | Slain by a gargoyle

Illustrated notes

Levels and vault maps discovered:
D:1:      onia_arrival_mini_maze, layout_basic
D:2:      layout_loops_ring, basic_altar,
          hellmonk_ecumenical_altar_watching_god, minmay_bisected
D:3:      layout_loops_cross, mainiacjoe_overflow_catwalk,
          minmay_splitting_lines
D:4:      layout_gridville, nicolae_qazlal_eye_of_the_storm,
          minmay_temple_entry_tees, serial_rivers,
          chequers_serial_rivers_small_a, chequers_serial_rivers_micro_b,
          chequers_serial_rivers_micro_a, chequers_serial_rivers_micro_d
D:5:      layout_basic, nicolae_stop_n_shop_2, uniq_edmund
D:6:      layout_basic, amethyst_overflow_temple_binary, kennysheep_mini_moat,
          corexii_item_surrounded_by_moat, due_unseen_surprise
D:7:      layout_rooms, trog_hazing_becter, okawaru_ov_weapons_minmay,
          reono_crystal_passage, minmay_checkerbox, uniq_duvessa
D:8:      layout_loops_ring, dpeg_oklobed_lair
D:9:      layout_basic, lemuel_crystal_altar, uniq_harold
D:10:     layout_irregular_city, minmay_orc_entry_guard_dogs,
          amcnicky_mini_pool_small, minmay_fractal_squares_5

Skill      XL: |  1  2  3  4  5  6  7  8  9 10 |
---------------+-------------------------------+-----
Axes           | 4 5 6 7 8 9 11 14 18 21 | 21.5
Fighting       | |  3.6
Armour         | |  2.4
Dodging        | |  2.1

Action                   |  1- 3 |  4- 6 |  7- 9 | 10-12 || total
-------------------------+-------+-------+-------+-------++-------
Melee: Hand axe          |   104 |   105 |   283 |   130 ||   622
       Headbutt          |    10 |    18 |    50 |    28 ||   106
       Punch             |       |     1 |     4 |       ||     5
Invok: Berserk           |       |     2 |     4 |     2 ||     8
  Use: Scroll            |       |       |    23 |     2 ||    25
Armor: Ring mail         |    50 |     6 |       |       ||    56
       Animal skin       |     2 |       |       |       ||     2
       Scale mail        |       |    26 |   118 |    37 ||   181
Dodge: Dodged            |    51 |    44 |   117 |    26 ||   238
Block: Tower shield      |       |       |     2 |    71 ||    73
